Cogmind - Beta 11 @@@ ROGUE MODE // 2022.04.17 @ 13:53:02 Player: Azken Zutik Result: Destroyed by L-31 Rogue with Katana Performance ------------- Evolutions (1) 500 Regions Visited (3) 600 Robots Destroyed (282) 1410 Value Destroyed (4173) 4173 Prototype IDs (3) 60 Alien Tech Used (0) 0 Bonus (999) 999 TOTAL SCORE: 7742 Bonus ------- High Alert Combat Kills 999 Cogmind --------- Core Integrity 0/400 Matter 15/300 Energy 68/265 System Corruption 0% Temperature Cool (4) Movement Treading (240) Ox1 Location -9/Materials Parts ------- > --- POWER (1) -------- Reinforced Ion Engine > --- PROPULSION (3) --- Light Treads Light Treads > --- UTILITY (3) ------ High-capacity Storage Unit Light Armor Plating Remote Shield > --- WEAPON (2) ------- Heavy Assault Rifle Mini Grenade Launcher > --- INVENTORY (20) --- Improved Ion Engine Wheel Improved Heat Sink Compact Battery (200) High-capacity Matter Pod (200) High-capacity Matter Pod (200) High-capacity Matter Pod (200) Light Armor Plating Light Armor Plating Light Armor Plating High-powered Tractor Beam Heavy Assault Rifle Heavy Assault Rifle Heavy Assault Rifle Rocket Launcher Mini Grenade Launcher Mini Grenade Launcher Datajack Heavy Hammer Peak State ------------ > --- POWER ------------ Reinforced Ion Engine > --- PROPULSION ------- Light Treads Light Treads Light Treads > --- UTILITY ---------- High-capacity Storage Unit Light Armor Plating Remote Shield > --- WEAPON ----------- Heavy Assault Rifle Heavy Assault Rifle > --- INVENTORY -------- Improved Ion Engine Light Treads Wheel Improved Heat Sink High-capacity Matter Pod High-capacity Matter Pod High-capacity Matter Pod Light Armor Plating Light Armor Plating Light Armor Plating High-powered Tractor Beam Heavy Assault Rifle Heavy Assault Rifle Rocket Launcher Mini Grenade Launcher Mini Grenade Launcher Mini Grenade Launcher Datajack Heavy Hammer [Rating: 19] Favorites ----------- Power Ion Engine Engine Ion Engine Propulsion Light Treads Treads Light Treads Leg Aluminum Leg Utility High-capacity Storage Unit Device Heat Sink Storage High-capacity Storage Unit Protection Light Armor Plating Weapon Advanced Beam Cannon Energy Gun Small Laser Energy Cannon Advanced Beam Cannon Ballistic Gun Heavy Assault Rifle Launcher Mini Grenade Launcher Special Weapon Mining Laser Build | -11 -10 -10 -9 ------- Run | Scr Mat Min Mat Slots Evolved 2 | . . . 2 Power . | . . . . Propulsion 1 | . . . 1 Utility 1 | . . . 1 Weapon . | . . . . Parts Attached 74 | 4 16 10 44 Power 8 | . 4 2 2 Engine 8 | . 4 2 2 Core . | . . . . Reactor . | . . . . Propulsion 19 | 2 1 2 14 Treads 19 | 2 1 2 14 Leg . | . . . . Wheel . | . . . . Hover . | . . . . Flight . | . . . . Utility 16 | 2 4 2 8 Device 6 | 2 2 1 1 Storage 2 | . 2 . . Processor . | . . . . Hackware . | . . . . Protection 8 | . . 1 7 Artifact . | . . . . Weapon 31 | . 7 4 20 Energy Gun . | . . . . Energy Cannon 4 | . 4 . . Ballistic Gun 17 | . 1 3 13 Ballistic Cannon . | . . . . Launcher 7 | . . . 7 Special Weapon 3 | . 2 1 . Impact Weapon . | . . . . Slashing Weapon . | . . . . Piercing Weapon . | . . . . Special Melee Weapon . | . . . . Unidentified Prototypes 1 | . 1 . . Parts Lost 9 | . . 1 8 Power . | . . . . Propulsion 6 | . . 1 5 Utility 2 | . . . 2 Weapon 1 | . . . 1 Highest Loss Streak 2 | . . 1 2 To Critical Strikes . | . . . . Average Slot Usage (%) 99 | . 99 99 99 Engine 13 | . 14 14 11 Treads 28 | . 28 27 32 Device 8 | . 14 1 . Storage 13 | . 14 14 11 Protection 6 | . . 12 21 Energy Gun 2 | . 4 . . Energy Cannon 11 | . 18 2 . Ballistic Gun 8 | . . 19 18 Special Weapon 4 | . 4 5 . Naked Turns . | . . . . Heaviest Build 64 | 12 54 58 64 Greatest Support 60 | 40 40 40 60 Greatest Overweight (x) 1 | . 1 1 1 Average Overweight (x) . | . . 1 . Largest Inventory Capacity 20 | 8 20 20 20 Average Capacity 17 | 8 15 20 20 Most Carried 20 | 8 20 20 20 Average Carried 16 | 6 14 19 19 Final Capacity 20 | 8 20 20 20 Final Carried 20 | 8 20 20 20 Class Distribution -------------------- 59% | Mutant 40% | Scavenger-Mutant Dominant Class ---------------- Mutant | -10/Materials Scavenger-Mutant | -10/Mines Scavenger-Mutant | -9/Materials Resources | -11 -10 -10 -9 ----------- Run | Scr Mat Min Mat Matter Collected 4057 | 512 279 1168 2098 Remotely 273 | 273 . . . Salvage Created 9917 | 304 3865 3026 2722 Parts 624 | 39 237 173 175 Haulers Intercepted 7 | . 2 . 5 Recyclers Shooed 11 | 1 6 4 . Parts Field Recycled . | . . . . Retrieved Matter . | . . . . Parts Self-Destructed . | . . . . Prevented . | . . . . Kills | -11 -10 -10 -9 ------- Run | Scr Mat Min Mat Combat Hostiles Destroyed 94 | . 28 7 59 Guns 38 | . . 2 36 Cannons 32 | . 27 5 . AOE 23 | . . . 23 Classes Destroyed 15 | 3 7 1 4 Worker 72 | 4 27 27 14 Builder 48 | . 21 22 5 Tunneler 33 | 9 2 21 1 Hauler 7 | . 2 . 5 Recycler 43 | 1 20 21 1 Mechanic 1 | . 1 . . Operator 5 | . 3 . 2 Watcher 8 | . 3 . 5 Swarmer 14 | . 3 3 8 Grunt 60 | . 25 2 33 Brawler 4 | . . . 4 Duelist 1 | . . . 1 Protector 3 | . . . 3 Sentry 10 | . . . 10 Demolisher 2 | . . 2 . Best Kill Streak 12 | 4 5 9 12 Combat Bots Only 11 | . 3 3 11 Max Kills in Single Turn 4 | 1 2 2 4 Gunslinging 1 | . . . 1 Exploded 4 | . . . 4 Melee . | . . . . Uniques/NPCs Destroyed . | . . . . Combat | -11 -10 -10 -9 -------- Run | Scr Mat Min Mat Damage Taken 3448 | . 424 350 2674 Core 547 | . 69 57 421 Absorbed by Shields 80 | . . . 80 Redirected to Shielding 42 | . . . 42 Regen/Repaired (Parts) 193 | . . . 193 Core Remaining (%) 74 | 100 . 49 . Volleys Fired 768 | 36 312 211 209 Largest 2 | 2 2 2 2 Hottest 136 | 60 136 136 60 Shots Fired 1487 | 70 619 416 382 Gun 778 | 70 6 356 346 Cannon 662 | . 608 54 . Launcher 36 | . . . 36 Special 11 | . 5 6 . Kinetic 741 | 36 3 356 346 Thermal 710 | 34 616 60 . Explosive 36 | . . . 36 Electromagnetic . | . . . . Robot Hit Streak 19 | 7 10 19 11 Robot Miss Streak 6 | 3 6 3 4 Penetration Max . | . . . . Secondary Targets 3 | . . . 3 Max Gunslinging Chain 1 | . . . 1 Shots Hit Robots 733 | 41 212 243 237 Core Hits 369 | 14 106 108 141 Critical Kills 2 | . 1 . 1 Critical Parts Destroyed . | . . . . Critical Strikes 2 | . 1 . 1 Meltdown 1 | . 1 . . Destroy 1 | . . . 1 Melee Attacks . | . . . . Impact . | . . . . Slashing . | . . . . Piercing . | . . . . Sneak Attacks . | . . . . Combat Hostiles . | . . . . Follow-up Attacks . | . . . . Damage Inflicted 15184 | 491 4597 3641 6455 Guns 6967 | 491 45 2991 3440 Cannons 4975 | . 4358 617 . Explosions 3188 | . 186 . 3002 Melee . | . . . . Ramming 54 | . 8 33 13 Kinetic 6743 | 278 34 2991 3440 Thermal 5248 | 213 4418 617 . Explosive 3139 | . 137 . 3002 Electromagnetic . | . . . . Impact . | . . . . Slashing . | . . . . Piercing . | . . . . Highest Corruption . | . . . . Average Corruption . | . . . . Corruption Purged . | . . . . Corruption Blocked . | . . . . Overload Shots . | . . . . Overflow Damage 236 | . 107 41 88 Projectiles 129 | . 88 41 . Explosions 107 | . 19 . 88 Melee . | . . . . Knockbacks 1 | . . 1 . Impact 1 | . . 1 . Kinetic . | . . . . Secondary . | . . . . Self-Inflicted Damage 199 | . . . 199 Shots 6 | . . . 6 Rammed 10 | . 2 5 3 Targets Rammed 11 | . 3 5 3 Kicked . | . . . . Crushed 1 | . 1 . . Highest Temperature 361 | . 327 285 361 Average Temperature 64 | . 64 76 59 Received Heat Transfer 1094 | . 228 36 830 Effects 4 | . 4 . . Energy Bleed 2 | . 2 . . Interference 2 | . 2 . . Siege Activations . | . . . . Robots Corrupted . | . . . . Combat Hostiles . | . . . . Parts Fried . | . . . . Impact Corruptions . | . . . . Robots Melted 1 | . 1 . . Combat Hostiles 1 | . 1 . . Parts Melted 14 | . 13 1 . Heat Transferred 9541 | 475 7956 1110 . Parts Sabotaged . | . . . . Parts Stolen . | . . . . Parts Stripped . | . . . . Power Chain Reactions . | . . . . Missiles Intercepted . | . . . . Alert | -11 -10 -10 -9 ------- Run | Scr Mat Min Mat Peak Influence 1640 | 70 1186 307 1640 Initial 1 | . . 1 . Average 318 | 39 311 177 664 Maximum Alert Level 5 | . 4 1 5 Low Security (%) 50 | 100 57 47 25 Level 1 18 | . 4 52 8 Level 2 9 | . 13 . 12 Level 3 17 | . 23 . 33 Level 4 3 | . 1 . 19 Level 5 . | . . . . High Security . | . . . . Max Security . | . . . . Sterilizations 1 | . . . 1 Squads Dispatched 23 | . 11 . 12 Investigation 11 | . 8 . 3 Extermination . | . . . . Reinforcement 6 | . 3 . 3 Assault 6 | . . . 6 Garrison . | . . . . Intercept . | . . . . Searches Triggered . | . . . . Construction Impeded . | . . . . Haulers Reinforced . | . . . . Active Scanning Responses . | . . . . Cargo Convoy Interrupts . | . . . . Stealth | -11 -10 -10 -9 --------- Run | Scr Mat Min Mat Distress Signals 6 | . 2 1 3 Communications Jammed . | . . . . Distress Signals . | . . . . Times Spotted 141 | . 47 8 86 Peak Tracking Total 8 | . 4 3 8 Tactical Retreats 5 | . 1 . 4 Traps | -11 -10 -10 -9 ------- Run | Scr Mat Min Mat Traps Triggered 4 | . 3 . 1 Indirectly . | . . . . Trap Hack Attempts . | . . . . Triggered . | . . . . Disarmed . | . . . . Reprogrammed . | . . . . Reused . | . . . . Traps Extracted . | . . . . Installed . | . . . . Triggered . | . . . . Machines | -11 -10 -10 -9 ---------- Run | Scr Mat Min Mat Machines Disabled 44 | . 35 7 2 Max in Single Turn 3 | . 3 2 1 Machines Sabotaged . | . . . . Garrisons Compromised . | . . . . Overloaded Fab Kills . | . . . . Hacking | -11 -10 -10 -9 --------- Run | Scr Mat Min Mat Machines Accessed 17 | . 6 . 11 Terminals 11 | . 4 . 7 Fabricators . | . . . . Repair Stations 1 | . . . 1 Recycling Units 4 | . 2 . 2 Scanalyzers 1 | . . . 1 Garrison Access . | . . . . Total Hacks 51 | . 18 . 33 Successful 33 | . 14 . 19 Failed 17 | . 4 . 13 Catastrophic 2 | . . . 2 Database Lockouts 1 | . . . 1 Manual 29 | . 10 . 19 Terminals 38 | . 14 . 24 Fabricators . | . . . . Repair Stations 4 | . . . 4 Recycling Units 7 | . 4 . 3 Scanalyzers 2 | . . . 2 Garrison Access . | . . . . Terminal Hacks 9 | . 2 . 7 Part Schematic 3 | . . . 3 Prototype ID Bank 1 | . 1 . . Branch Access Points 1 | . . . 1 Alert Level 1 | . . . 1 Hauler Manifests 2 | . 1 . 1 Registered Components 1 | . . . 1 Fabricator Hacks . | . . . . Repair Station Hacks 4 | . . . 4 Scan Component 2 | . . . 2 Repair 2 | . . . 2 Recycling Unit Hacks 3 | . 2 . 1 Report Inventory 1 | . 1 . . Retrieve Components 2 | . 1 . 1 Scanalyzer 2 | . . . 2 Insert Component 1 | . . . 1 Analyze 1 | . . . 1 Garrison Access Hacks . | . . . . Unauthorized Hacks 15 | . 10 . 5 Terminals 11 | . 8 . 3 Track 1 | . 1 . . Botnet 5 | . 2 . 3 Disrupt 1 | . 1 . . Sabotage 1 | . 1 . . Search 3 | . 3 . . Fabricators . | . . . . Repair Stations . | . . . . Recycling Units 4 | . 2 . 2 Tunnel 4 | . 2 . 2 Scanalyzers . | . . . . Garrison Access . | . . . . Data Cores Recovered . | . . . . Used . | . . . . Hacking Detections 14 | . 5 . 9 Full Trace Events . | . . . . Feedback Events . | . . . . Feedback Blocked . | . . . . Robot Schematics Acquired . | . . . . Robots Built . | . . . . Authchips . | . . . . Time . | . . . . Total Robot Build Rating . | . . . . Part Schematics Acquired 4 | . . . 4 Parts Built . | . . . . Authchips . | . . . . Time . | . . . . Total Part Build Rating . | . . . . Parts Repaired 2 | . . . 2 Time 58 | . . . 58 Parts Recycled . | . . . . Recycled Matter . | . . . . Retrieved Matter . | . . . . Retrieved Components 16 | . 7 . 9 Parts Scanalyzed 1 | . . . 1 Part Schematics Acquired 1 | . . . 1 Parts Damaged . | . . . . Bothacking | -11 -10 -10 -9 ------------ Run | Scr Mat Min Mat Used RIF Installer . | . . . . Robots Hacked . | . . . . Non-combat . | . . . . Combat . | . . . . Robot Hacks Applied . | . . . . Relay Couplers Released . | . . . . Fabnet Peak Effective % . | . . . . Robots Rewired . | . . . . Allies Hacked . | . . . . Hacks Repelled . | . . . . Allies | -11 -10 -10 -9 -------- Run | Scr Mat Min Mat Total Allies . | . . . . Largest Group . | . . . . Highest-Rated Group . | . . . . Highest-Rated Ally . | . . . . Total Orders . | . . . . Ally Attacks . | . . . . Total Damage . | . . . . Kills . | . . . . Allies Corrupted . | . . . . Allies Melted . | . . . . Intel | -11 -10 -10 -9 ------- Run | Scr Mat Min Mat Robot Analysis Total . | . . . . Derelict Logs Recovered 2 | . . 2 . Drone Launches . | . . . . Drone Recoveries . | . . . . Exploration | -11 -10 -10 -9 ------------- Run | Scr Mat Min Mat Turns Passed 25673 | 457 14201 7351 3664 Spaces Moved 4600 | 116 1971 1312 1201 Core . | . . . . Treads 4536 | 52 1971 1312 1201 Legs 64 | 64 . . . Wheels . | . . . . Hover . | . . . . Flight . | . . . . Fastest Speed 120 | 120 160 240 160 Average Speed 217 | 137 219 240 197 Slowest Speed 240 | 160 240 240 240 Overloaded Moves . | . . . . Propulsion Burnouts . | . . . . Robots Hopped . | . . . . Cave-ins Triggered . | . . . . Exploration Rate (%) 72 | 4 99 99 89 Regions Visited 3 Branch Regions 1 Pre-discovered Areas 5 | . 2 1 2 Known Exits Taken . | . . . . Unknown Exits Taken 3 | 1 1 1 . Scrap Searched 2 | . . 2 . Spaces Dug 9 | . 4 . 5 Terrain Destroyed 468 | . 254 19 195 Melee . | . . . . Projectile 9 | . 8 1 . AOE 459 | . 246 18 195 Terrain Rammed . | . . . . Walls Destroyed . | . . . . Machines Disabled . | . . . . Actions | -11 -10 -10 -9 --------- Run | Scr Mat Min Mat Total 18769 | 343 11226 5082 2118 Wait 13195 | 178 8893 3530 594 Move 4597 | 115 1970 1311 1201 Hop . | . . . . Pick Up 62 | 6 16 6 34 Fast Attach 11 | 1 5 1 4 Attach 14 | . . 1 13 Detach 3 | . 2 . 1 Swap 49 | 3 11 8 27 Drop 59 | 4 14 9 32 Fire 768 | 36 312 211 209 Melee . | . . . . Ram . | . . . . Kick . | . . . . Crush 11 | . 3 5 3 Escape Stasis . | . . . . Rewire . | . . . . Trap . | . . . . Miscellaneous . | . . . . Route ------- -11/Scrapyard -10/Materials (discovered 5 exits: *Mat x3 / [*Min x2]) -10/Mines (discovered 2 exits: *Mat x2) -9/Materials (discovered 6 exits: [*Mat x3] / *Min x2 / *Sto) History --------- Turn | Location | Event 14 | -11/Scrapyard | Discovered new exit (range 3) 458 | -11/Scrapyard | Entered Materials 477 | -10/Materials | Build established: Mutant 5088 | -10/Materials | Discovered new exit (range 11) 5529 | -10/Materials | Discovered new exit (range 16) 5851 | -10/Materials | Discovered new exit (range 15) 6565 | -10/Materials | Discovered new exit (range 16) 6708 | -10/Materials | Discovered new exit (range 16) 14659 | -10/Materials | Entered Mines 14734 | -10/Mines | Discovered new exit (range 3) 15177 | -10/Mines | Discovered new exit (range 10) 15265 | -10/Mines | Assembled infested the area 15321 | -10/Mines | Joined a pair of Derelicts in attacking an 0b10 outpost 15631 | -10/Mines | Build established: Scavenger-Mutant 16348 | -10/Mines | Learned location of Storage (-9) 16841 | -10/Mines | Core integrity fell below 50% 22010 | -10/Mines | Entered Materials 22010 | -9/Materials | Evolved 2 slots: Propulsion x1, Utility x1 22011 | -9/Materials | Identified exit to Storage 22381 | -9/Materials | Discovered new exit (range 13) 22859 | -9/Materials | Repaired Lgt. Treads 22928 | -9/Materials | Repaired Hvy. Assault Rifle 23000 | -9/Materials | Central database locked down 23003 | -9/Materials | Discovered new exit (range 16) 23125 | -9/Materials | Identified exit to Mines 23908 | -9/Materials | Core integrity fell below 50% 24090 | -9/Materials | Discovered new exit (range 5) 24810 | -9/Materials | First assault squad dispatched 24902 | -9/Materials | Core integrity fell below 20% 25631 | -9/Materials | Sterilization system engaged 25631 | -9/Materials | Non-combat units ordered to evacuate 25674 | -9/Materials | Destroyed by L-31 Rogue with Katana Last Messages --------------- 25643_ O-16 Technician destroyed. 25643_ Destroyed Sml. Matter Pod. 25645_ G-34 Mercenary destroyed. 25649_ Destroyed Hover Unit. 25651_ The unstable cave ceiling collapses. 25659_ G-34 Mercenary destroyed. 25661_ The unstable cave ceiling collapses. 25662_ Acquired 19 matter. 25663_ The unstable cave ceiling collapses. 25664_ C-30 ARC bursts open, deploying its payload. 25664_ G-47 Trooper unfolds itself. 25664_ L-31 Rogue unfolds itself. 25664_ G-34 Mercenary unfolds itself. 25664_ B-36 Bruiser unfolds itself. 25664_ I-25 Savior unfolds itself. 25666_ The unstable cave ceiling collapses. 25666_ B-36 Bruiser destroyed. 25666_ I-25 Savior destroyed. 25670_ G-34 Mercenary destroyed. 25671_ The unstable cave ceiling collapses. Map ----- +----------------------------------------------------+ | ## """ # ########??####### ###?????????# ##?? | | ## # #???????????????# #???????????# | | ######## ##??????????????# #?????????????""" | | ####### #??????????????# #?????? ????? """ | | #??????????????# #????"" "???? """ | | #??????????????# #?? """ """ # | | #??????????????# # # | | ######## #??????????????# + # | | ???????#######??????????????# # # ?? | | ???????????????????????????## ##?###########??#? | | ???????????????????????????# #??????????????# | | ??????##???????????????????# [[ #?????????????## | | ###### #???????????????????# >!*#?????????????# | | #???????????????????# [% *#?????????????+ | | """ #???????????????????# [%!#?????????????# | | [ """ #????????????###????###%#######?????????# | | [ """ #?????????#### ######## ## #?????????# | | #????????## ## ## "" #?????????# | | """ #????????# ! # + T" #?????????# | | """ #???????## [ ! # # "" #?????????# | | """ #?????### # ####+###### | | #####?# u # # | | ##+############ # #%""" # | | % % i % ! k # [ ###%""" # | | ##### g r %+ """ ! # | | *= #=*" """ = = l@ # %[%*%%!/ | | ##+## !*#==! ! "# # #[[/ """ # ! | | # [|=#!!**= # ## * # ## ! / R" # | | " # =!* [=! =! ! ####??# *""" # | | + !%=!==>! = ! * != #?????# % # | | "" # = ! #?????##########* | | "" ###+## = ##### ######??????# #[[ | | " ## ########## ###########????????# +![ | | "" ## #??????# ####??????????# #[[ | | "" ## #??????# ####??????????#########! | | ?" ## #??????# """ # ???????????????## | | ? ## #??????# """ #[ ##############= | | ? ## #??????# """ # "" = ! | | ?? ## #??????# """ + T !! =!* | | ?? ?#+###??????# """ # *![ = | | ??##?# ########## ? + #######!###### [ | | ?????# # """ # "?" #?????????????# #????#### | | ?????# # "Y" # "?" #?????????????# #???????? | | ###### # # "?" #?????????????# #???????? | | # # ??? ??????????????# #???????? | | += #??????????????????????# #???????? | | # """#??????????????????????# #???????? | | ###/####= """#????????########??????# #???????? | | ? # """#????????#!!]]]]#??????# #???????? | | !! #????????#!!]]]]#??????# #???????? | +----------------------------------------------------+ Best States ------------- Heat Dissipation 35 Energy Generation 12 Energy Capacity 265 Matter Stores 300 Matter Capacity 300 Sight Range 16 Terrain Scan Density 10 Armor Coverage 300 Core Shielding 20 Evasion (%) 55 Recoil Reduction 3 Item Schematics ----------------- Shield Generator | -9/Materials | Hacked Imp. Treads | -9/Materials | Hacked Huge Storage Unit | -9/Materials | Hacked Rocket Launcher | -9/Materials | Scanalyzed Robot Schematics ------------------ None Fabricated ------------ Nothing Alien Tech Used ----------------- None Achievements -------------- None Challenges ------------ None Game ------ Seed XenonScanMapper Manual? 0 Play Time 01:29:09 Cumulative 296.1 hours Start 2022.04.17 @ 09:15:22 End 2022.04.17 @ 13:53:02 Sessions 5 Manual Loads 0 Difficulty Rogue Special Mode None Game No. 86 Rogue 86 Adventurer 0 Explorer 0 Win Type - Total 6 Types 3/1/0/0/2/0/0/0/0 Lore% 59 Gallery% 73 Achievement% 66 Wizard Run 0 Options --------- ASCII 0 Keyboard 0 Movement Arrows Keybinds 0 Fullscreen 0 Font 28/SmallcapsGlow Map View 72x54 Tactical HUD 1 Map Filters NONE Filters NONE Steam 1 RUN: a4f495ff-7108-4a52-a180-fa0ce8a33022